 Dungeon Sprint DCSS version 0.29-a0-757-g358383bc75 (webtiles) character file.

Game seed: 4049379955561187124

41822 wilfster70 the Impregnable (level 13, -4/193 (217) HPs)
             Began as a Minotaur Fighter on June 30, 2022.
             Was the Champion of Qazlal.
             Slain by Gaejuska the pandemonium lord (19 damage)
             ... in the Dungeon (Sprint V: "Ziggurat Sprint").
             The game lasted 00:07:58 (1845 turns).

wilfster70 the Impregnable (Minotaur Fighter)       Turns: 1845, Time: 00:07:58

HP:   -4/193 (217)  AC: 38    Str: 36    XL:     13   Next: 82%
MP:   3/25          EV:  2    Int:  7    God:    Qazlal [******]
Gold: 0             SH: 43    Dex: 10    Spells: 12/12 levels left

rFire   + + .      SeeInvis .   a - +11 lance "Wyrmbane" {slay drac, rPois rF+ rC+ AC+3}
rCold   + + .      Faith    .   c - +18 shield of the Gong {rElec rN+ Will+ EV-5}
rNeg    + . .      Spirit   .   b - +5 gold dragon scales
rPois   +          Reflect  +   (helmet restricted)
rElec   +          Harm     .   x - +1 cloak {rPois}
rCorr   .          Rampage  .   (no gloves)
Will    +....      NoTele   +   (no boots)
Stlth   ..........              y - amulet of reflection
HPRegen 0.42/turn               p - +6 ring of strength
MPRegen 0.19/turn               q - +6 ring of strength

@: berserking, protected from physical damage, studying 2 skills, heavily
drained, repel missiles, very quick
A: horns 2, retaliatory headbutt
a: Renounce Religion, Upheaval, Elemental Force, Disaster Area


You were in the Dungeon.
You worshipped Qazlal.
Qazlal was exalted by your worship.
You visited 1 branch

Inventory:

Hand Weapons
 a - the +11 lance "Wyrmbane" (weapon) {slay drac, rPois rF+ rC+ AC+3}
   (You found it in the Dungeon)

   It inflicts extra damage against dragons and draconians.
   AC:        It affects your AC (+3).
   rF:        It protects you from fire.
   rC:        It protects you from cold.
   rPois:     It protects you from poison.
Armour
 b - +5 gold dragon scales (worn)
 c - the +18 shield of the Gong (worn) {rElec rN+ Will+ EV-5}
   (You found it in the Dungeon)

   It is deafeningly noisy when blocking attacks.
   EV:        It affects your evasion (-5).
   rElec:     It insulates you from electricity.
   rN:        It protects you from negative energy.
   Will:      It increases your willpower.
 x - a +1 cloak of poison resistance (worn)
Jewellery
 p - a +6 ring of strength (left hand)
 q - a +6 ring of strength (right hand)
 y - an amulet of reflection (around neck)
 A - a ring of protection from cold
 B - a ring of resist corrosion
Wands
 s - a wand of iceblast (7)
 t - a wand of quicksilver (7)
 v - a wand of mindburst (7)
Scrolls
 j - 4 scrolls of blinking
 o - 4 scrolls of amnesia
 r - 5 scrolls of identify
 u - 7 scrolls of fog
 w - 2 scrolls of fear
Potions
 d - 6 potions of might
 e - 10 potions of curing
 f - 3 potions of heal wounds
 g - 6 potions of haste
 h - 6 potions of magic
 i - 2 potions of berserk rage
 k - 2 potions of brilliance
 l - 2 potions of invisibility
 m - 4 potions of resistance
Miscellaneous
 n - a tin of tremorstones (2/2)
 z - a condenser vane


   Skills:
 + Level 22.1 Fighting
 - Level 12.0 Polearms
 + Level 22.1 Armour
 - Level 13.4 Shields
 + Level 18.8 Invocations
 + Level 14.4 Evocations


You had 12 spell levels left.
You didn't know any spells.
Your spell library contained the following spells:

 Spells                   Type           Power      Damage    Failure   Level
 Foxfire                  Conj/Fire      0%         2x1d4     99%         1
 Magic Dart               Conj           0%         1d3       99%         1
 Sandblast                Erth           0%         2d4       99%         1
 Passwall                 Tmut/Erth      0%         N/A       100%        2
 Conjure Flame            Conj/Fire      0%         6-21      100%        3
 Inner Flame              Hex/Fire       0%         N/A       100%        3
 Stone Arrow              Conj/Erth      0%         3d7       100%        3
 Animate Dead             Necr           0%         N/A       100%        4
 Flame Wave               Conj/Fire      0%         2d4       100%        4
 Borgnjor's Vile Clutch   Necr/Erth      0%         N/A       100%        5
 Conjure Ball Lightning   Conj/Air       0%         3x3d6     100%        6
 Death Channel            Necr           0%         N/A       100%        6
 Dispersal                Tloc           0%         N/A       100%        6
 Discord                  Hex            0%         N/A       100%        8
 Disjunction              Tloc           0%         N/A       100%        8
 Chain Lightning          Conj/Air       0%         N/A       100%        9


Dungeon Overview and Level Annotations

Branches:
Dungeon (1/1)

Altars:
Ashenzari
Cheibriados
Dithmenos
Elyvilon
Fedhas
Gozag
Hepliaklqana
Kikubaaqudgha
Makhleb
Nemelex Xobeh
Okawaru
Qazlal
Ru
Sif Muna
Trog
Uskayaw
Vehumet
Wu Jian
Xom
Yredelemnul
Zin
The Shining One
Beogh
Jiyva
Lugonu


Innate Abilities, Weirdness & Mutations

You have a pair of horns on your head.
You reflexively headbutt those who attack you in melee.


Message History

You block Gaejuska's attack.
GONNNNG!
You block Baol's attack.
GONNNNG!
You miss Gaejuska.
Gaejuska is heavily wounded.
Gaejuska sneers, "Embrace thy dedition, thou wayward nut-hook walking sirloin!"
You block Gaejuska's attack.
SHROANNG!
Baol is engulfed in freezing vapours.
Baol pecks you but does no damage.
The sun demon hits you but does no damage.
You completely miss Gaejuska. Your headbutt misses Gaejuska.
Gaejuska is heavily wounded.
Gaejuska is engulfed in freezing vapours.
You block Gaejuska's attack.
GONNNNG!
Baol is engulfed in freezing vapours.
You block Baol's attack.
GONNNNG!
You miss Gaejuska. Your headbutt misses Gaejuska.
Gaejuska is heavily wounded.
You block the sun demon's attack.
PANG!
You impale Gaejuska!! Your headbutt misses Gaejuska.
Gaejuska is heavily wounded.
Baol is engulfed in freezing vapours.
You block Baol's attack.
PTOANNNG!
Gaejuska is engulfed in freezing vapours.
Gaejuska hits you!!
* * * LOW HITPOINT WARNING * * *
You partially resist.
You feel drained.
* * * LOW HITPOINT WARNING * * *
You barely miss Gaejuska.
Gaejuska is heavily wounded.
Baol is engulfed in freezing vapours.
You block Baol's attack.
GONNNNG!
You block the sun demon's attack.
GONNNNG!
Gaejuska is engulfed in freezing vapours.
Gaejuska hits you!!
You die...

▓..}).▓.||[
▓..≈≈").)§§§▓▓.))).▓.)))
▓...≈.....§§▓▓.)...▓....
▓..≈.....≈..▓▓.....▓....
▓...........▓▓.....▓....
▓...≈.....≈≈▓▓..©..▓..©.
▓.≈...°○§☼≈.▓▓▓▓▓▓▓▓▓▓▓▓
▓.≈≈..§&&§≈.▓..8©8...▓..
▓≈≈...3@°○..▓..[)....▓..
▓≈...○©§.°..▓........▓..
▓▓▓▓▓▓▓▓▓▓▓▓▓........▓..
▓....8©8|...▓..))....▓..
▓...}.......▓.▓..).▓.▓.▓
▓...))[)..[)▓...©....▓..
▓........[..▓▓▓▓▓▓▓▓▓▓▓▓
▓...........▓...8©8...▓.
▓..).[.[....▓..|).[...▓.


You could see Baol (clouds), Gaejuska and a sun demon.

Vanquished Creatures
  2 pandemonium lords (D)
  3 deep elf blademasters (D)
  A deep elf master archer (D)
  6 ancient champions (D)
  An iron dragon (D)
  A vault warden (D)
  3 war gargoyles (D)
  A red draconian (D)
  A yellow draconian (D)
  A deep elf annihilator (D)
  A purple draconian (D)
  An iron golem (D)
  A green death (D)
  A yaktaur captain (D)
  A great orb of eyes (D)
  A hydra (D)
  A spriggan air mage (D)
  A death scarab (D)
  A crystal echidna (D)
  A deep elf knight (D)
  A soul eater (D)
  A skeletal warrior (D)
  A deep elf archer (D)
  An ironbound convoker (D)
  A deep elf zephyrmancer (D)
  3 necromancers (D)
  6 draconians (D)
  A rust devil (D)
  A black mamba (D)
  An orange demon (D)
  A naga mage (D)
  A torpor snail (D)
  3 cane toads (D)
  A komodo dragon (D)
  5 yaktaurs (D)
  A hellwing (D)
  An ice devil (D)
  2 guardian mummies (D)
  A tormentor (D)
  A troll (shapeshifter) (D)
  A polar bear (D)
  An air elemental (D)
  A vampire (D)
  2 yaks (D)
  A shadow (D)
  A water elemental (D)
  An ushabti (D)
  A fire elemental (D)
  3 neqoxecs (D)
  3 nagas (D)
  2 water moccasins (D)
  A hell hound (D)
  2 centaurs (D)
  A necrophage (D)
  6 wights (D)
  2 crimson imps (D)
  A quasit (D)
  An iron imp (D)
  3 mummies (D)
  2 adders (D)
  A shadow imp (D)
  An adder skeleton (D)
  A bat skeleton (D)
  7 ball pythons (D)
  A ball python skeleton (D)
111 creatures vanquished.

Notes
Turn   | Place    | Note
-------+----------+-------------------------------------------
     0 | D        | wilfster70 the Minotaur Fighter began the quest for the
                  | Orb.
     0 | D        | Reached XP level 1. HP: 19/19 MP: 0/0
    16 | D        | Found a shimmering blue altar of Sif Muna.
    16 | D        | Found a bloodstained altar of Trog.
    16 | D        | Found a sacrificial altar of Ru.
    16 | D        | Found a stormy altar of Qazlal.
    16 | D        | Found an iron altar of Okawaru.
    21 | D        | Found a sparkling altar of Nemelex Xobeh.
    21 | D        | Found the +7 great mace "Firestarter" {inner flame, rF++}
    21 | D        | Found the +6 shillelagh "Devastator" {shatter}
    21 | D        | Found the +11 plutonium sword {Contam Stlth-}
    21 | D        | Found the +8 lance "Wyrmbane" {slay drac, rPois rF+ rC+
                  | AC+3}
    21 | D        | Found the +9 sword of Zonguldrok {reap}
    21 | D        | Found the +13 scythe of Curses {drain, Drain}
    21 | D        | Found the +5 sword of Power {vorpal}
    21 | D        | Found the +7 mace of Variability {chain chaos}
    21 | D        | Found the +7 Singing Sword {vorpal, sonic wave}
    21 | D        | Found the +8 storm bow {elec, penet}
    21 | D        | Found the +6 Majin-Bo {vamp, MP+6 Int+6}
    21 | D        | Found the +9 heavy crossbow "Sniper" {vorpal, Acc+∞ SInv}
    21 | D        | Found the +10 dark maul {vorpal}
    21 | D        | Found the +15 Maxwell's patent armour {-Cast -Tele rElec
                  | Will+ rCorr}
    21 | D        | Found the +18 shield of the Gong {rElec rN+ Will+ EV-5}
    21 | D        | Found the +14 obsidian axe {vorpal, Mesm Drain Fly SInv}
    22 | D        | Found a corrupted altar of Lugonu.
    22 | D        | Found a burning altar of Makhleb.
    22 | D        | Found an ancient bone altar of Kikubaaqudgha.
    22 | D        | Found a transporter.
    22 | D        | Found a viscous altar of Jiyva.
    28 | D        | Became a worshipper of Qazlal Stormbringer
    39 | D        | Found a hazy altar of Hepliaklqana.
    72 | D        | Found a blossoming altar of Fedhas.
    74 | D        | Found an opulent altar of Gozag.
    77 | D        | Reached skill level 5 in Fighting
    77 | D        | Reached skill level 5 in Polearms
    77 | D        | Reached skill level 5 in Armour
    77 | D        | Reached skill level 5 in Shields
    77 | D        | Reached XP level 2. HP: 29/29 MP: 0/3
    86 | D        | Entered arena 2.
    86 | D        | Noticed a fire elemental
    86 | D        | Noticed a hell hound
    86 | D        | Found a transporter.
    89 | D        | Killed a fire elemental
    90 | D        | Reached XP level 3. HP: 36/38 MP: 1/5
    90 | D        | Reached XP level 4. HP: 43/45 MP: 1/6
    90 | D        | Reached XP level 5. HP: 49/51 MP: 1/7
    92 | D        | Killed a hell hound
    92 | D        | Reached * piety under Qazlal
    93 | D        | Reached skill level 5 in Invocations
   154 | D        | Entered arena 3.
   154 | D        | Noticed a yaktaur
   154 | D        | Noticed a yaktaur
   154 | D        | Noticed a yaktaur
   154 | D        | Found a transporter.
   160 | D        | Killed a yaktaur
   161 | D        | Reached skill level 10 in Polearms
   161 | D        | Reached XP level 6. HP: 25/61 MP: 7/9
   163 | D        | Killed a yaktaur
   164 | D        | Reached XP level 7. HP: 22/69 MP: 7/11
   167 | D        | Killed a yaktaur
   167 | D        | Reached ** piety under Qazlal
   391 | D        | Entered arena 4.
   391 | D        | Noticed a yaktaur
   391 | D        | Noticed a yaktaur
   391 | D        | Found a transporter.
   400 | D        | Reached XP level 8. HP: 59/79 MP: 12/12
   402 | D        | Killed a yaktaur
   403 | D        | Reached skill level 10 in Fighting
   403 | D        | Reached skill level 10 in Armour
   403 | D        | Reached skill level 10 in Shields
   412 | D        | Killed a yaktaur
   412 | D        | Reached *** piety under Qazlal
   497 | D        | Entered arena 5.
   497 | D        | Noticed an ironbound convoker
   497 | D        | Noticed a yaktaur captain
   497 | D        | Noticed a great orb of eyes
   497 | D        | Noticed a vault warden
   497 | D        | Found a transporter.
   506 | D        | Killed an ironbound convoker
   507 | D        | Reached XP level 9. HP: 46/89 MP: 6/14
   520 | D        | Killed a great orb of eyes
   521 | D        | Reached skill level 10 in Invocations
   529 | D        | Killed a vault warden
   536 | D        | Killed a yaktaur captain
   536 | D        | Reached **** piety under Qazlal
   537 | D        | Reached XP level 10. HP: 31/101 MP: 2/17
   807 | D        | Entered arena 6.
   807 | D        | Found a transporter.
   815 | D        | Reached ***** piety under Qazlal
   818 | D        | Reached skill level 1 in Evocations
   826 | D        | Entered arena 7.
   826 | D        | Noticed a naga mage
   827 | D        | Found a transporter.
   828 | D        | Killed a naga mage
   885 | D        | Entered arena 8.
   886 | D        | Found a transporter.
   898 | D        | Got the Papyrus of Conjuration
   940 | D        | Entered arena 9.
   940 | D        | Noticed a death scarab
   941 | D        | Killed a death scarab
   941 | D        | Reached ****** piety under Qazlal
   946 | D        | Found a transporter.
  1113 | D        | Entered arena 10.
  1114 | D        | Found a transporter.
  1136 | D        | Entered arena 11.
  1136 | D        | Noticed a draconian
  1136 | D        | Noticed a draconian
  1136 | D        | Noticed a red draconian
  1136 | D        | Noticed a draconian
  1136 | D        | Noticed a draconian
  1136 | D        | Noticed a purple draconian
  1136 | D        | Noticed a draconian
  1136 | D        | Noticed a draconian
  1136 | D        | Noticed a yellow draconian
  1137 | D        | Found a transporter.
  1138 | D        | Killed a draconian
  1139 | D        | Reached skill level 15 in Armour
  1139 | D        | Reached skill level 5 in Evocations
  1139 | D        | Killed a purple draconian
  1140 | D        | Reached skill level 15 in Fighting
  1146 | D        | Killed a draconian
  1147 | D        | Reached XP level 11. HP: 113/113 MP: 6/19
  1171 | D        | Killed a yellow draconian
  1185 | D        | Killed a red draconian
  1240 | D        | Entered arena 12.
  1240 | D        | Found the +0 staff of Battle
  1240 | D        | Noticed a necromancer
  1240 | D        | Noticed a skeletal warrior
  1240 | D        | Noticed a necromancer
  1241 | D        | Identified the +8 dire flail "Vinoruij" {elec, Str+2}
  1241 | D        | Identified the +5 morningstar of the Other Side {speed, rC+
                  | Will+}
  1241 | D        | Noticed a necromancer
  1242 | D        | Killed a necromancer
  1242 | D        | Killed a necromancer
  1242 | D        | Killed a necromancer
  1250 | D        | Killed a skeletal warrior
  1252 | D        | Found a transporter.
  1264 | D        | Entered arena 13.
  1264 | D        | Noticed a deep elf knight
  1264 | D        | Noticed a deep elf annihilator
  1264 | D        | Noticed a deep elf blademaster
  1264 | D        | Noticed a deep elf blademaster
  1264 | D        | Noticed a deep elf archer
  1264 | D        | Noticed a deep elf zephyrmancer
  1265 | D        | Noticed a deep elf blademaster
  1265 | D        | Noticed a deep elf master archer
  1269 | D        | Killed a deep elf blademaster
  1273 | D        | Killed a deep elf blademaster
  1274 | D        | Reached XP level 12. HP: 114/127 MP: 8/22
  1274 | D        | Killed a deep elf blademaster
  1275 | D        | Reached skill level 15 in Invocations
  1275 | D        | Killed a deep elf master archer
  1276 | D        | Reached skill level 10 in Evocations
  1279 | D        | Killed a deep elf annihilator
  1282 | D        | Found a transporter.
  1338 | D        | Entered arena 14.
  1338 | D        | Noticed a four-headed hydra
  1339 | D        | Noticed a spriggan air mage
  1340 | D        | Killed a spriggan air mage
  1343 | D        | Killed a four-headed hydra
  1406 | D        | Found a transporter.
  1435 | D        | Entered arena 15.
  1435 | D        | Noticed a war gargoyle
  1435 | D        | Noticed a war gargoyle
  1435 | D        | Noticed an ancient champion
  1435 | D        | Noticed an iron golem
  1435 | D        | Noticed an ancient champion
  1435 | D        | Noticed an iron dragon
  1436 | D        | Noticed an ancient champion
  1436 | D        | Noticed an ancient champion
  1436 | D        | Noticed a war gargoyle
  1436 | D        | Noticed an ancient champion
  1437 | D        | Noticed an ancient champion
  1437 | D        | Killed an ancient champion
  1437 | D        | Killed a war gargoyle
  1438 | D        | Killed a war gargoyle
  1438 | D        | Killed an ancient champion
  1438 | D        | Killed an ancient champion
  1439 | D        | Reached XP level 13. HP: 104/140 MP: 7/24
  1441 | D        | Killed an ancient champion
  1443 | D        | Killed an ancient champion
  1447 | D        | Killed a war gargoyle
  1452 | D        | Killed an ancient champion
  1457 | D        | Killed an iron dragon
  1487 | D        | Killed an iron golem
  1490 | D        | Found a transporter.
  1822 | D        | Entered arena 16.
  1822 | D        | Noticed Gaejuska the pandemonium lord
  1822 | D        | Noticed Xylefir the pandemonium lord
  1823 | D        | Noticed a green death
  1823 | D        | Noticed Baol the pandemonium lord
  1824 | D        | Noticed Xiloats the pandemonium lord
  1826 | D        | Killed a green death
  1827 | D        | Killed Xiloats the pandemonium lord
  1827 | D        | Killed Xylefir the pandemonium lord
  1845 | D        | Slain by Gaejuska the pandemonium lord

Illustrated notes

Levels and vault maps discovered:
D:        sprint_v [room_start, room_1, room_2, room_3, room_4, room_5, room_6,
          room_7, room_8, room_9, room_10, room_11, room_12, room_13, room_14,
          room_15, room_16, room_17, room_18, room_19, room_20, room_21,
          room_22, room_23, room_24, room_25, room_26, room_27]

Skill      XL: |  1  2  3  4  5  6  7  8  9 10 11 12 13 |
---------------+----------------------------------------+-----
Fighting       | 5 6 8 9 11 13 15 17 20 22 | 22.1
Polearms       | 5 8 10 11 12 | 12.0
Armour         | 5 6 8 9 11 13 15 17 20 22 | 22.1
Shields        | 5 6 8 9 11 13 | 13.4
Invocations    | 2 4 6 7 9 11 12 14 17 18 | 18.8
Evocations     | 5 9 12 14 | 14.4

Action                   |  1- 3 |  4- 6 |  7- 9 | 10-12 | 13-15 || total
-------------------------+-------+-------+-------+-------+-------++-------
Melee: Lance             |     3 |     9 |    53 |    92 |    53 ||   210
       Headbutt          |     1 |     2 |    16 |    11 |    15 ||    45
Invok: Upheaval          |       |       |     1 |       |       ||     1
       Disaster Area     |       |       |       |    10 |     5 ||    15
Evoke: Condenser vane    |       |       |       |     2 |     2 ||     4
  Use: Potion            |     1 |       |     3 |       |     6 ||    10
 Stab: Confused          |       |       |       |     2 |       ||     2
Armor: Gold dragon scale |     2 |     3 |    18 |    19 |    14 ||    56
Dodge: Dodged            |       |       |     1 |       |     2 ||     3
Block: Kite shield       |     4 |    13 |    81 |    86 |    90 ||   274
       Reflection        |       |       |       |     7 |     2 ||     9

Table legend: (Time is in decaauts)
 A = Elapsed time spent in this place.
 B = Non-inter-level travel time spent in this place.
 C = Inter-level travel time spent in this place.
 D = Time resting spent in this place.
 E = Time spent auto-exploring this place.
 F = Levels seen in this place.
 G = Mean time per level.
                   A        B        C        D        E       F      G
               +--------+--------+--------+--------+--------+-----+--------+
         Total |   1763 |   1763 |      0 |   1235 |      0 |   1 | 1763.0 |
       Dungeon |   1763 |   1763 |      0 |   1235 |      0 |   1 | 1763.0 |
               +--------+--------+--------+--------+--------+-----+--------+

Top non-repeatable levels by time:
       D: 1763 daAuts
